 Dungeon Crawl Stone Soup version 0.32-a0-931-g5a2cda0630 (webtiles) character file.

Game seed: 13945606211831085113

539 jesster the Grasshopper (level 7, 59/59 HPs)
             Began as an Armataur Warper on Mar 31, 2024.
             Quit the game on level 3 of the Dungeon on Apr 14, 2024.
             The game lasted 00:15:30 (4038 turns).

jesster the Grasshopper (Armataur Warper)           Turns: 4038, Time: 00:15:30

Health: 59/59      AC:  4    Str: 18    XL:     7   Next: 5%
Magic:  11/11      EV:  8    Int: 19    God:
Gold:   184        SH:  0    Dex: 10    Spells: 5/12 levels left

rFire   . . .        a - +0 mace
rCold   . . .        (no shield)
rNeg    + . .        k - +0 leather armour {rN+}
rPois   .            (no helmet)
rElec   .            (no cloak)
rCorr   .            (no gloves)
SInv    +            (no barding)
Will    .....        g - amulet of regeneration
Stlth   +            v - ring of see invisible
HPRegen 1.09/turn    I - +6 ring of intelligence
MPRegen 0.12/turn

%: roll
@: no status effects
A: large, deformed body, tough skin 3, armoured tail, rollpage 2
a: no special abilities


You were on level 3 of the Dungeon.
You visited 1 branch of the dungeon, and saw 5 of its levels.

You collected 184 gold pieces.


Innate Abilities, Weirdness & Mutations

Armour fits poorly on your strangely shaped body.
You have extremely tough skin. (AC +3)
You have a long armoured tail.
You regenerate magic and health when rolling toward enemies. (Rampage Regen)


   Skills:
 * Level 4.0 Fighting
 * Level 4.0 Maces & Flails
 - Level 0.8 Throwing
 - Level 1.2 Armour
 - Level 1.3 Dodging
 - Level 3.0 Spellcasting
 * Level 4.8 Translocations


You had 5 spell levels left.
You knew the following spells:

 Your Spells              Type           Power      Damage    Failure   Level
l - Lesser Beckoning      Tloc           42%        N/A       3%          2
B - Blink                 Tloc           42%        N/A       3%          2
X - Maxwell's Portable P  Tloc           21%        2d(7-19)  8%          3

Your spell library contained the following spells:

 Spells                   Type           Power      Damage    Failure   Level
 Teleport Other           Tloc           21%        N/A       8%          3
 Sandblast                Erth           4%         2d4       19%         1
 Sting                    Conj/Alch      8%         1d3       19%         1
 Mercury Vapours          Alch/Air       4%         N/A       26%         2
 Stone Arrow              Conj/Erth      4%         3d7       47%         3
 Vhi's Electric Charge    Tloc/Air       24%        N/A       54%         4
 Brom's Barrelling Bould  Conj/Erth      2%         2d3       87%         4
 Olgreb's Toxic Radiance  Alch           2%         N/A       87%         4

Inventory:

Hand Weapons
 a - a +0 mace (weapon)
Missiles
 d - 7 darts of dispersal (quivered) {=f}
 m - 8 poisoned darts
Armour
 b - a +0 leather armour
 f - a +0 ring mail
 k - a +0 leather armour of positive energy (worn)
Jewellery
 g - an amulet of regeneration (around neck)
 v - a ring of see invisible (left hand)
 D - a +6 ring of dexterity
 I - a +6 ring of intelligence (right hand)
Scrolls
 c - a scroll of blinking
 h - a scroll of enchant armour
 i - a scroll of summoning {unknown}
 j - a scroll of vulnerability
 l - a scroll of enchant weapon
 q - 2 scrolls of teleportation {@r4}
 r - a scroll of noise
Potions
 e - a potion of haste {@q3}
 n - a potion of attraction
 p - a potion of enlightenment
 s - a potion of curing {unknown}

Dungeon Overview and Level Annotations

Branches:
Dungeon (5/15)
 Temple: D:4-7

Altars:
Hepliaklqana
Kikubaaqudgha

Annotations:
D:3 1 runed translucent door, EvilEddieB's ghost, amateur DsGl

######## ##### #......# #######
#...# ##.####.#######......
######...# #.............#......
....##...# #...@.#.#####.#......
###.##...####...#.....###........
.................▒▒▒▒▒▒▒.#.......
###.##...#####>..▒............##.
....##...# #..#▒.#..........##.
######...# #..#▒..#.....#...##.
.........# #...▒...#...#.#..##.
######'#######.##▒....#...#....##
#.........##.##▒.....#.......##


There were no monsters in sight!


Message History

The gnoll bouda is almost dead.
The gnoll bouda mumbles some strange prayers to its god.
The gnoll bouda is healed somewhat.
The gnoll bouda closely misses you.
You hit the gnoll bouda but do no damage.
The gnoll bouda is severely wounded.
The gnoll bouda hits you with a +0 whip!
* * * LOW HITPOINT WARNING * * *
Casting: Blink (safe; 3% risk of failure)
Confirm with . or Enter, or press ? or * to list all spells.
You blink.
Your attacks no longer feel as feeble.
You feel ready to blink again.
The gnoll bouda gazes fiercely through you!
You feel your attacks grow feeble.
The gnoll bouda gazes fiercely through you!
You feel as though you will be weak longer.
There is an escape hatch in the ceiling here.
A mysterious force pulls you upwards. The hatch slams shut behind you.
Level annotation: 1 runed translucent door, EvilEddieB's ghost, amateur DsGl You start resting.
Magic restored.
Your attacks no longer feel as feeble.
You start resting.
HP restored.
Saving game... please wait.
Level annotation: 1 runed translucent door, EvilEddieB's ghost, amateur DsGl Options error: Unknown color in colour mapping: 'grey:wand of.*flame' Welcome back, jesster the Armataur Warper.
Press ? for a list of commands and other information.
Are you sure you want to abandon this character and quit the game? (Confirm with "yes".)

Skill      XL: |  1  2  3  4  5  6  7 |
---------------+----------------------+-----
Fighting       | 2 3 4 |  4.0
Maces & Flails | 2 3 4 |  4.0
Translocations | 4 |  4.8
Spellcasting   | 2 3 |  3.0
Throwing       | |  0.8
Armour         | |  1.2
Dodging        | |  1.3

Action                     |  1- 3 |  4- 6 |  7- 9 || total
---------------------------+-------+-------+-------++-------
  Melee: Mace              |   148 |   148 |    25 ||   321
         Tailslap          |    14 |    18 |     3 ||    35
   Cast: Blink             |       |     7 |     1 ||     8
    Use: Potion            |     1 |     2 |       ||     3
         Scroll            |       |     8 |       ||     8
   Stab: Distracted        |       |     1 |       ||     1
 Armour: Leather armour    |    90 |   138 |    19 ||   247
  Dodge: Dodged            |    82 |    92 |     9 ||   183

Levels and vault maps discovered:
D:1:      roderic_octagonal_star, layout_loops_corners,
          ebering_ecumenical_altar_hall, minmay_fountain_box
D:2:      layout_rooms
D:3:      layout_basic, ebering_ghost_inner_flame, hangedman_decor_opposing
D:4:      layout_cave_pools
D:5:      layout_loops_corners, nicolae_hepliaklqana_hazy_memory,
          lemuel_tele_altar, chequers_serial_rivers_micro_e,
          nicolae_figureground_pulse, uniq_eustachio

Notes
Turn   | Place    | Note
-------+----------+-------------------------------------------
     0 | D:1      | jesster the Armataur Warper began the quest for the Orb.
     0 | D:1      | Reached XP level 1. HP: 17/17 MP: 3/3
   312 | D:1      | Reached skill level 2 in Fighting
   312 | D:1      | Reached skill level 2 in Maces & Flails
   314 | D:1      | Reached XP level 2. HP: 24/24 MP: 4/4
   644 | D:1      | Found a faded altar of an unknown god.
   936 | D:2      | Reached XP level 3. HP: 21/29 MP: 5/5
  1112 | D:2      | Reached skill level 4 in Translocations
  1227 | D:2      | Learned a level 2 spell: Blink
  1230 | D:2      | Learned a level 2 spell: Lesser Beckoning
  1730 | D:3      | Reached XP level 4. HP: 31/37 MP: 6/6
  2068 | D:3      | Reached skill level 2 in Spellcasting
  2395 | D:3      | Found a runed translucent door.
  2397 | D:3      | Noticed EvilEddieB's ghost (amateur DsGl)
  2794 | D:4      | Noticed a phantom
  2971 | D:4      | Killed a phantom
  2972 | D:4      | Reached skill level 3 in Fighting
  2972 | D:4      | Reached skill level 3 in Maces & Flails
  2972 | D:4      | Reached XP level 5. HP: 34/45 MP: 8/8
  3326 | D:5      | Entered Level 5 of the Dungeon
  3367 | D:5      | Noticed Eustachio
  3400 | D:5      | Killed Eustachio
  3401 | D:5      | Reached skill level 3 in Spellcasting
  3401 | D:5      | Reached XP level 6. HP: 20/51 MP: 10/10
  3670 | D:5      | Found an ancient bone altar of Kikubaaqudgha.
  3755 | D:5      | Learned a level 3 spell: Maxwell's Portable Piledriver
  3865 | D:5      | Found a hazy altar of Hepliaklqana.
  3961 | D:5      | Reached skill level 4 in Fighting
  3961 | D:5      | Gained mutation: You regenerate magic and health when
                  | rolling toward enemies. (Rampage Regen) [Armataur growth]
  3961 | D:5      | Reached XP level 7. HP: 58/59 MP: 11/11
  3966 | D:5      | Reached skill level 4 in Maces & Flails
  4036 | D:3      | Upgraded the game from 0.32-a0-876-gcfddb08e57 to
                  | 0.32-a0-931-g5a2cda0630
  4038 | D:3      | Quit the game

Vanquished Creatures
  Eustachio (D:5)
  A phantom (D:4)
  A howler monkey (D:5)
  A bombardier beetle (D:5)
  A hound (D:5)
  A jelly (D:5)
  7 gnolls
  4 adders
  A shadow imp (D:5)
  4 dart slugs
  6 orcs
  5 ball pythons
  10 endoplasms
  A giant cockroach (D:1)
  10 hobgoblins
  5 jackals
  3 kobolds
  3 quokkas
  5 bats
  6 frilled lizards (D:1)
  3 rats (D:2)
79 creatures vanquished.

Table legend: (Time is in decaauts)
 A = Elapsed time spent in this place.
 B = Non-inter-level travel time spent in this place.
 C = Inter-level travel time spent in this place.
 D = Time resting spent in this place.
 E = Time spent auto-exploring this place.
 F = Levels seen in this place.
 G = Mean time per level.
                   A        B        C        D        E       F      G
               +--------+--------+--------+--------+--------+-----+--------+
         Total |   4086 |   3951 |    135 |    261 |   2756 |   5 |  817.2 |
       Dungeon |   4086 |   3951 |    135 |    261 |   2756 |   5 |  817.2 |
               +--------+--------+--------+--------+--------+-----+--------+

Top non-repeatable levels by time:
     D:3: 1295 daAuts
     D:1: 945 daAuts
     D:2: 640 daAuts
     D:5: 640 daAuts
     D:4: 564 daAuts

Table legend:
 A = Non-vault XP
 B = Vault XP
 C = Vault XP percentage of total XP
 D = Non-vault monster count
 E = Vault monster count
 F = Vault count percentage of total count
                 A         B        C        D         E       F
            +---------+---------+-------+---------+---------+-------
      Total |     573 |     197 |  25.6 |      78 |       1 |   1.3
            +---------+---------+-------+---------+---------+-------
        D:1 |      32 |       0 |   0.0 |      19 |       0 |   0.0
        D:2 |      52 |       0 |   0.0 |      16 |       0 |   0.0
        D:3 |      45 |       0 |   0.0 |      17 |       0 |   0.0
        D:4 |     188 |       0 |   0.0 |      17 |       0 |   0.0
        D:5 |     256 |     197 |  43.5 |       9 |       1 |  10.0
            +---------+---------+-------+---------+---------+-------
